 Dungeon Sprint DCSS version 0.27.1-33-g824d729ab1 (webtiles) character file.

Game seed: 15756740049197253309

36 McKennaii the Chiller (level 3, 0/39 HPs)
             Began as a Demigod Ice Elementalist on Dec 3, 2021.
             Slain by a sky beast (4 damage)
             ... in the Dungeon (Sprint IX: "|||||||||||||||||||||||||||||").
             The game lasted 00:01:57 (183 turns).

McKennaii the Chiller (Demigod Ice Elementalist)     Turns: 183, Time: 00:01:58

Health: 0/39       AC:  2    Str:  9    XL:     3   Next: 5%
Magic:  4/11       EV: 12    Int: 21    God:
Gold:   0          SH:  0    Dex: 14    Spells: 9/10 levels left

rFire    . . .     SeeInvis .   (no weapon)
rCold    . . .     Faith    .   (no shield)
rNeg     . . .     Spirit   .   a - +0 robe
rPois    .         Reflect  .   (no helmet)
rElec    .         Harm     .   (no cloak)
rCorr    .         Rampage  .   (no gloves)
Will     .....     NoTele   +   (no boots)
Stlth    ..........             (no amulet)
HPRegen  0.13/turn              (no ring)
MPRegen  0.12/turn              (no ring)

@: berserking, very quick
A: high mp 1, forlorn
a: no special abilities


You were in the Dungeon.
You visited 1 branch

Inventory:

Armour
 a - a +0 robe (worn)
Scrolls
 g - a scroll of blinking
Potions
 b - a potion of curing
 d - a potion of haste
 e - 2 potions of magic


   Skills:
 - Level 1.7 Dodging
 - Level 1.7 Stealth
 + Level 4.1 Spellcasting
 + Level 5.5 Ice Magic


You had 9 spell levels left.
You knew the following spells:

 Your Spells              Type           Power      Damage    Failure   Level
a - Freeze                Ice            100%       1d11      1%          1

Your spell library contained the following spells:

 Spells                   Type           Power      Damage    Failure   Level
 Frozen Ramparts          Ice            54%        1d7       3%          3
 Ozocubu's Armour         Ice            27%        N/A       3%          3
 Hailstorm                Conj/Ice       15%        3d5       36%         4


Dungeon Overview and Level Annotations

Branches:
Dungeon (1/1)


Innate Abilities, Weirdness & Mutations

Your attributes grow dramatically as you level up.
You have an increased reservoir of magic. (+10% MP)
You shall have no god before yourself.


Message History

Aim: an orc, wielding a +0 short sword You freeze the orc!
You kill the orc!
The bat skeleton closely misses you.
Unknown command.
You closely miss the bat skeleton.
The bat skeleton is moderately damaged.
The bat skeleton closely misses you. The bat skeleton misses you.
The bat skeleton hits you but does no damage.
The sky beast flickers out of sight!
Deactivating autopickup; reactivate with Ctrl-A.
Unknown command.
You hit the bat skeleton but do no damage.
The bat skeleton is moderately damaged.
The bat skeleton hits you but does no damage.
The bat skeleton misses you.
Unknown command.
You barely miss the bat skeleton.
The bat skeleton is moderately damaged.
The bat skeleton hits you but does no damage.
The bat skeleton hits you.
Unknown command.
Okay, then.
You feel much better.
A red film seems to cover your vision as you go berserk!
You feel yourself moving faster!
You feel mighty! Something hits you. Something shocks you.
You closely miss something. Something hits you. Something shocks you.
You barely miss something. Something hits you. Something shocks you.
* * * LOW HITPOINT WARNING * * *
You closely miss something. You miss something. Something hits you.
* * * LOW HITPOINT WARNING * * *
Something shocks you.
* * * LOW HITPOINT WARNING * * *
You closely miss something. Something barely misses you.
You closely miss something. You miss something.
Something hits you but does no damage.
You barely miss something. Something hits you.
You die...

▓.▓
▓.▓
▓.▓
▓.▓
▓)▓
▓Z▓
▓O▓
▓{▓
▓@▓
▓▓▓


You could see an ogre and a bat skeleton.

Vanquished Creatures
  A hound (D)
  An orc (D)
  3 bats (D)
  A goblin (D)
  A hobgoblin (D)
7 creatures vanquished.

Notes
Turn   | Place    | Note
-------+----------+-------------------------------------------
     0 | D        | McKennaii the Demigod Ice Elementalist began the quest for
                  | the Orb.
     0 | D        | Reached XP level 1. HP: 14/14 MP: 5/5
     7 | D        | Reached skill level 4 in Ice Magic
   150 | D        | Noticed an ogre
   150 | D        | Noticed a sky beast
   150 | D        | Noticed a hound
   158 | D        | Killed a hound
   159 | D        | Reached skill level 5 in Ice Magic
   159 | D        | Reached XP level 2. HP: 9/20 MP: 2/9
   159 | D        | Reached XP level 3. HP: 11/26 MP: 2/11
   183 | D        | Slain by a sky beast

Illustrated notes

Levels and vault maps discovered:
D:        linesprint [early_d, line_temple, items_1, d_10, items_2, lair_1,
          lair_end, items_3, orc_1, orc_end, items_4, d_15, swamp_1, shoals_1,
          snake_1, spider_1, d_20, vaults_1, items_5, swamp_end, shoals_end,
          snake_end, spider_end, vaults_end, d_27, items_6, zot_1, zot_end,
          crypt_end, forest_end, elf_end, slime_end, tomb_end, abyss_end,
          pan_hell_end]

Skill      XL: |  1 |
---------------+----+-----
Spellcasting   | 4 |  4.1
Ice Magic      | 5 |  5.5
Dodging        | |  1.7
Stealth        | |  1.7

Action                   || total
-------------------------++-------
Melee: Unarmed           ||    46
 Cast: Freeze            ||    11
  Use: Potion            ||     2
Armor: Robe              ||    35
Dodge: Dodged            ||    60
